 Dungeon Crawl Stone Soup version 0.28.0-43-g3370ac3207 (webtiles) character file.

Game seed: 15698903142351267577

176 sanboga the Shield-Bearer (level 5, -8/33 HPs)
             Began as a Gargoyle Fighter on Mar 21, 2022.
             Killed by divine providence
             ... invoked by an orc priest
              (13 damage)
             ... on level 3 of the Dungeon.
             The game lasted 00:02:42 (2451 turns).

sanboga the Shield-Bearer (Gargoyle Fighter)        Turns: 2451, Time: 00:02:42

Health: -8/33      AC: 13    Str: 21 (22) XL:     5   Next: 56%
Magic:  5/5        EV:  7    Int:  6 (8)  God:
Gold:   55         SH:  4    Dex:  7 (9)  Spells: 4/4 levels left

rFire   . . .      SeeInvis .   a - +0 war axe (chaos)
rCold   . . .      Faith    .   c - +0 buckler
rNeg    + . .      Spirit   .   d - +0 chain mail
rPois   ∞          Reflect  .   (no helmet)
rElec   +          Harm     .   (no cloak)
rCorr   .          Rampage  .   (no gloves)
Will    .....                   (no boots)
Stlth   ..........              (no amulet)
HPRegen 0.11/turn               (no ring)
MPRegen 0.09/turn               (no ring)

@: no status effects
A: sickness immunity, AC +4, negative energy resistance 1, electricity
resistance, torment resistance 1, petrification resistance
a: no special abilities


You were on level 3 of the Dungeon.
You visited 1 branch of the dungeon, and saw 3 of its levels.

You collected 55 gold pieces.

Inventory:

Hand Weapons
 a - a +0 war axe of chaos (weapon)
Armour
 c - a +0 buckler (worn)
 d - a +0 chain mail (worn)
Scrolls
 g - a scroll of identify {unknown}
Potions
 f - a potion of degeneration


   Skills:
 + Level 4.1 Fighting
 * Level 3.4 Axes
 + Level 4.1 Armour
 + Level 4.1 Shields


You had 4 spell levels left.
You didn't know any spells.
Your spell library was empty.

Dungeon Overview and Level Annotations

Branches:
Dungeon (3/15)

Altars:
Dithmenos
Zin

Shops:
D:3 :


Innate Abilities, Weirdness & Mutations

You are immune to sickness and miasma.
Your stone body is resilient. (AC +4)
You are immune to poison.
You resist negative energy. (rN+)
You are resistant to electric shocks. (rElec)
You are resistant to unholy torment.
You are immune to petrification.


Message History

An orc comes into view. It is wielding a +0 hand axe.
There are monsters nearby!
An orc comes into view. It is wielding a +0 club.
The orc shouts! x2; You hear a shout!
An orc priest comes into view. It is wielding a +0 flail.
An orc comes into view. It is wielding a +0 trident.
The orc barely misses you.
The orc priest calls down the wrath of Beogh upon you.
Beogh smites you!
You completely miss the orc. You barely miss the orc. You slash the orc!
You freeze the orc.
You kill the orc!
The orc priest mumbles some strange prayers to Beogh against you.
Pain shoots through your body! The orc barely misses you.
The orc priest invokes the aid of Beogh against you.
Beogh smites you!
* * * LOW HITPOINT WARNING * * *
You block the orc's attack.
You are too injured to fight recklessly!
You are too injured to fight recklessly!
You are too injured to fight recklessly!
You are too injured to fight recklessly!
You are too injured to fight recklessly!
You are too injured to fight recklessly!
You hit the orc.
The orc is severely wounded.
The orc closely misses you. The orc hits you but does no damage.
It was a potion of degeneration.
There was something very wrong with that liquid.
You feel weakened.
You feel dopey.
You feel clumsy. The orc closely misses you. The orc hits you with a +0 club.
* * * LOW HITPOINT WARNING * * *
You closely miss the orc.
The orc is severely wounded.
You hit the orc but do no damage.
The orc is poisoned.
The orc hits you with a +0 hand axe.
* * * LOW HITPOINT WARNING * * *
The orc priest calls down the wrath of Beogh upon you.
Beogh smites you!
You die...

.... ..... ... .... .....
........ ...... ....... ......
#.#... # #+#.oo###.#.## .#
#.#......o#....#..# #.#
#...o@...$....#
#.#######.#..!....#######.
#.#...<.#............... .
#####.#.# #.###.##########.##.
#...#.#.###............###....
#.#.#.#....#####.#####+#......
#............###.#........#.##
#####.#................∩....#.#.
##.....#..............##.....#.#.


You could see an orc priest and 3 orcs.

Vanquished Creatures
  An orc priest (D:3)
  Jessica (D:2)
  Terence (D:3)
  An orc wizard (D:3)
  An adder (D:2)
  2 worms (D:2)
  2 dart slugs
  3 orcs (D:3)
  6 endoplasms
  3 giant cockroaches
  3 goblins
  4 hobgoblins
  5 quokkas
  2 ball pythons
  3 bats
  6 frilled lizards
  4 kobolds (D:1)
  3 rats
51 creatures vanquished.

Notes
Turn   | Place    | Note
-------+----------+-------------------------------------------
     0 | D:1      | sanboga the Gargoyle Fighter began the quest for the Orb.
     0 | D:1      | Reached XP level 1. HP: 14/14 MP: 1/1
    77 | D:1      | Found a faded altar of an unknown god.
   249 | D:1      | Reached XP level 2. HP: 19/19 MP: 2/2
  1297 | D:2      | Reached XP level 3. HP: 18/23 MP: 3/3
  1690 | D:2      | Noticed Jessica
  1695 | D:2      | Killed Jessica
  1696 | D:2      | Reached XP level 4. HP: 25/29 MP: 4/4
  2303 | D:3      | Found Esoogezuga's Book Shoppe.
  2338 | D:3      | Noticed Terence
  2348 | D:3      | Killed Terence
  2349 | D:3      | Reached XP level 5. HP: 30/33 MP: 5/5
  2379 | D:3      | Found a glowing silver altar of Zin.
  2381 | D:3      | Found a shadowy altar of Dithmenos.
  2451 | D:3      | Killed from afar by an orc priest

Illustrated notes

Levels and vault maps discovered:
D:1:      minmay_arrival_floating_metal, layout_basic,
          shapermc_ecumenical_altar_mp_highgroup
D:2:      layout_rooms, minmay_misc_feat_tower, grunt_ministairs_5,
          grunt_decor_cap, chequers_decorated_corner, uniq_jessica
D:3:      layout_basic, nicolae_overflow_hidden_temple, serial_shops,
          nicolae_shop_behind_doors, shop, shop, shop, shop,
          gammafunk_ghost_necromancy, uniq_terence

Skill      XL: |  1  2  3  4  5 |
---------------+----------------+-----
Axes           | 2 3 |  3.4
Fighting       | 4 |  4.1
Shields        | 4 |  4.1
Armour         | 4 |  4.1

Action                   |  1- 3 |  4- 6 || total
-------------------------+-------+-------++-------
Melee: War axe           |   101 |    45 ||   146
  Use: Scroll            |     2 |     1 ||     3
       Potion            |     1 |     3 ||     4
Armor: Scale mail        |    53 |    27 ||    80
       Chain mail        |       |     1 ||     1
Dodge: Dodged            |    51 |    29 ||    80
Block: Buckler           |    19 |     8 ||    27
